[Event "Titled Tuesday Blitz March 22 Late 2022"]
[White "P., Komal Kishore"]
[Black "Celestino, Rafael Teixeira"]
[WhiteFideId "5016703"]
[BlackFideId "2108925"]
[WhiteElo "2060"]
[BlackElo "2321"]
[Result "1-0"]
[Round "06"]
[TimeControl "180+1"]
[Date "2022.03.22"]
[WhiteClock "0:00:35"]
[BlackClock "0:00:41"]

1. e4 e5 2. Nf3 Nc6 3. Bb5 a6 4. Ba4 b5 5. Bb3 Nf6 6. O-O Bc5 7. d3 d6 8. h3 h6 9. c3 Rg8 10. d4 exd4 11. cxd4 Bb6 12. e5 Ne4 13. exd6 cxd6 14. Bd5 Bb7 15. Bxe4 d5 16. Bd3 Qf6 17. Re1+ Kd7 18. Ne5+ Kd6 19. Nxc6 Bxc6 20. Be3 g5 21. Qf3 Bxd4 22. Bxd4 Qxd4 23. Nc3 g4 24. hxg4 Rxg4 25. Qxf7 Kc5 26. Rac1 Kb6 27. Red1 Rf4 28. Nxd5+ Qxd5 29. Rxc6+ Qxc6 30. Qxf4 Rg8 31. Be4 Qc4 32. Rd6+ Ka5 33. Qd2+ b4 34. Rd5+ Kb6 35. Qd4+ Qxd4 36. Rxd4 a5 37. a3 Kc5 38. Rd5+ Kc4 39. axb4 axb4 40. Rd6 Re8 41. Bd5+ Kc5 42. Rd7 Re2 43. b3 Rd2 44. Be6 Re2 45. Bf7 Re4 46. Rc7+ Kd6 47. Rc4 Re1+ 48. Kh2 Ke7 49. Bh5 Re5 50. Bf3 Re1 51. Rxb4 Rb1 52. g4 Kd6 53. Kg3 Kc5 54. Rb8 Rb2 55. b4+ Kc4 56. b5 Rxb5 57. Be2+ Kc5 58. Rxb5+ Kd6 59. Rb6+ Ke7 60. Rxh6 Kf7 61. g5 Kg7 62. Bc4 Kf8 63. Rh7 Ke8 64. Rf7 1-0


[Site "https://www.chess.com"]

[Event "Titled Tuesday Blitz March 22 Late 2022"]
[White "Papasimakopoulos, Alexandros"]
[Black "Karas, Marek"]
[WhiteFideId "4244125"]
[BlackFideId "14928558"]
[WhiteElo "2340"]
[BlackElo "2271"]
[Result "1-0"]
[Round "06"]
[TimeControl "180+1"]
[Date "2022.03.22"]
[WhiteClock "0:00:54"]
[BlackClock "0:00:11"]

1. d4 Nf6 2. c4 c5 3. d5 b5 4. Nf3 g6 5. cxb5 a6 6. e3 Bg7 7. Nc3 O-O 8. a4 d6 9. Ra3 axb5 10. Bxb5 Ba6 11. O-O Bxb5 12. axb5 Nbd7 13. Qc2 Qb6 14. Nd2 Qb7 15. e4 Rfb8 16. Nc4 Ne8 17. Na5 Rxa5 18. Rxa5 Nb6 19. b3 Nc7 20. Bd2 Nd7 21. Rfa1 Qb6 22. h3 h5 23. Ra7 Nf6 24. Kh1 Kf8 25. R1a2 Nxb5 26. Nxb5 Qxb5 27. Ra8 Qf1+ 28. Kh2 Rxa8 29. Rxa8+ Ne8 30. Bf4 Qb5 31. Qc4 Qd7 32. Qa4 Qxa4 33. bxa4 f5 34. exf5 gxf5 35. a5 Kf7 36. Rc8 Bd4 37. a6 c4 38. Be3 Be5+ 39. f4 1-0


[Site "https://www.chess.com"]

[Event "Titled Tuesday Blitz March 22 Late 2022"]
[White "Perera Alfonso, Rene Humberto"]
[Black "Khanin, Semen"]
[WhiteFideId "3514722"]
[BlackFideId "4111990"]
[WhiteElo "2313"]
[BlackElo "2442"]
[Result "0-1"]
[Round "06"]
[TimeControl "180+1"]
[Date "2022.03.22"]
[WhiteClock "0:00:13"]
[BlackClock "0:00:04"]

1. e4 c5 2. Nf3 d6 3. d4 cxd4 4. Nxd4 Nf6 5. Nc3 a6 6. Be3 e5 7. Nb3 Be6 8. h3 h5 9. Qf3 Nbd7 10. O-O-O Qc7 11. Kb1 b5 12. Nd5 Bxd5 13. exd5 Be7 14. g4 hxg4 15. hxg4 Rxh1 16. Qxh1 Nxg4 17. Qh8+ Bf8 18. Bh3 Nxe3 19. fxe3 O-O-O 20. Rf1 f6 21. Qh4 Kb8 22. Qb4 Ka7 23. Na5 Nb8 24. e4 Kb6 25. Nb3 Ka7 26. Na5 Qc5 27. Qd2 Be7 28. Rf3 Rh8 29. a3 Bd8 30. Nb3 Qg1+ 31. Ka2 Bb6 32. Qc3 Qg6 33. Rg3 Qf7 34. Be6 Qe7 35. Rg6 Rh6 36. Qg3 Rxg6 37. Qxg6 a5 38. Nd2 Na6 39. Qg3 Qc7 40. Qd3 Qc5 41. Kb1 a4 42. c3 Nc7 43. Ka2 Qe3 44. Qc2 g5 45. c4 Qc5 46. Qc3 Na6 47. cxb5 Nc7 48. Bd7 Qxc3 49. bxc3 Be3 50. Nc4 Bc5 51. b6+ Bxb6 52. Nxd6 Bc5 53. Ne8 Nxe8 54. Bxe8 g4 55. Bh5 g3 56. Bf3 Kb6 57. Kb2 Bd6 58. c4 Kc5 59. Kc3 Bc7 60. Bg2 Ba5+ 61. Kd3 Be1 62. Bf3 Bf2 63. Bg2 Bd4 64. Bf1 Bb2 65. Ke3 Bxa3 66. Kf3 Bc1 67. Bd3 a3 68. Bb1 Bd2 69. Ba2 Be1 70. Kg2 Kd6 71. Kf3 Kc5 72. Kg2 Bb4 73. Kxg3 Kd4 74. Kg4 Bc5 75. Kf5 Kc3 76. d6 Bxd6 77. c5 Bxc5 78. Kxf6 Bd4 79. Ke6 Kb2 80. Bc4 a2 81. Kd5 a1=Q 0-1


[Site "https://www.chess.com"]

[Event "Titled Tuesday Blitz March 22 Late 2022"]
[White "Perez Torres, Nabi Isaias"]
[Black "Hambleton, Aman"]
[WhiteFideId "5120373"]
[BlackFideId "2606577"]
[WhiteElo "1755"]
[BlackElo "2552"]
[Result "0-1"]
[Round "06"]
[TimeControl "180+1"]
[Date "2022.03.22"]
[WhiteClock "0:00:01"]
[BlackClock "0:00:01"]

1. d4 Nf6 2. c4 e6 3. Nf3 b6 4. a3 Bb7 5. Nc3 g6 6. Qc2 Bxf3 7. gxf3 d5 8. e4 c6 9. e5 Nh5 10. h4 Be7 11. cxd5 cxd5 12. Bh6 a6 13. f4 Nc6 14. O-O-O Rg8 15. Kb1 Qd7 16. Bh3 Ng7 17. Bg5 Rh8 18. Ne4 dxe4 19. d5 Rc8 20. dxe6 Nxe6 21. Rxd7 Kxd7 22. Rd1+ Ke8 23. Bxe6 fxe6 24. Qxe4 h6 25. Bxe7 Nxe7 26. Qa4+ Kf7 27. Rd7 Rhd8 28. Rxd8 Rxd8 29. Qxa6 Nd5 30. Qc4 Rd7 31. b4 h5 32. a4 Ra7 33. b5 Rxa4 34. Qc6 Ra7 35. Qc8 Rc7 36. Qh8 Ne7 37. Qh7+ Ke8 38. Qg7 Rc5 39. Qf6 Kd7 40. Qf7 Rxb5+ 41. Kc2 Rc5+ 42. Kd2 Rc8 43. Qf6 b5 44. Qg5 b4 45. Qg3 Rb8 46. Qb3 Ke8 47. Ke3 Kf7 48. Ke4 Rb7 49. f3 Nd5 50. Kd4 Nxf4 51. Kc5 Nd5 52. Kd6 Rb8 53. f4 Rb7 54. Kc6 Rb6+ 55. Kc5 Rb8 56. Kd6 Ne7 57. f5 Nxf5+ 58. Kc5 Nxh4 59. Kd6 Nf5+ 60. Kc7 Rb5 61. Qd3 Rd5 0-1


[Site "https://www.chess.com"]

[Event "Titled Tuesday Blitz March 22 Late 2022"]
[White "Petrova, Irina"]
[Black "Rudykh, Stepan"]
[WhiteFideId "14124122"]
[BlackFideId "4180321"]
[WhiteElo "1993"]
[BlackElo "2140"]
[Result "0-1"]
[Round "06"]
[TimeControl "180+1"]
[Date "2022.03.22"]
[WhiteClock "0:00:10"]
[BlackClock "0:00:42"]

1. e4 e6 2. d4 d5 3. Nc3 Bb4 4. Ne2 dxe4 5. a3 Bxc3+ 6. Nxc3 c5 7. Bb5+ Nc6 8. Bxc6+ bxc6 9. dxc5 Qxd1+ 10. Kxd1 f5 11. Bf4 Nf6 12. Ke2 Ba6+ 13. Ke1 O-O 14. Rd1 Rfd8 15. Rd6 Rxd6 16. Bxd6 g5 17. h4 h6 18. hxg5 hxg5 19. Be5 Kf7 20. Rh6 Ng4 21. Rh7+ Kg6 22. Rh8 Rxh8 23. Bxh8 e5 24. f3 exf3 25. gxf3 Nh2 26. Kf2 e4 27. fxe4 f4 28. e5 Bc4 29. Ne4 g4 30. b3 Be6 31. a4 Bf5 32. Nd6 Bxc2 33. e6 Bxb3 34. e7 Bf7 35. Be5 g3+ 36. Kg2 Bd5+ 37. Kh3 Be6+ 38. Kg2 Bd5+ 39. Kh3 Be6+ 40. Kh4 Nf3# 0-1


[Site "https://www.chess.com"]

[Event "Titled Tuesday Blitz March 22 Late 2022"]
[White "Pichot, Alan"]
[Black "Goryachkina, Aleksandra"]
[WhiteFideId "110973"]
[BlackFideId "4147103"]
[WhiteElo "2579"]
[BlackElo "2426"]
[Result "1-0"]
[Round "06"]
[TimeControl "180+1"]
[Date "2022.03.22"]
[WhiteClock "0:00:02"]
[BlackClock "0:00:03"]

1. d4 Nf6 2. Nf3 d5 3. c3 g6 4. Bf4 Bg7 5. h3 O-O 6. e3 c5 7. Bh2 Nc6 8. Nbd2 Nd7 9. Be2 e5 10. dxe5 Ndxe5 11. O-O Be6 12. Qa4 Qb6 13. Qb3 Nxf3+ 14. Nxf3 d4 15. Qxb6 axb6 16. cxd4 cxd4 17. exd4 Nxd4 18. Nxd4 Bxd4 19. Rfd1 Bxb2 20. Rab1 Bf6 21. Rxb6 Rxa2 22. Bf3 Rd8 23. Rf1 Rdd2 24. Rxb7 Bc4 25. Rc1 Bd4 26. Bf4 Rxf2 27. Kh1 Rxf3 28. gxf3 Bd5 29. Rb8+ Kg7 30. Rf1 Bc4 31. Rd1 Bf6 32. Bd6 h5 33. Bf8+ Kh7 34. Bc5 Be2 35. Re1 Bxf3+ 36. Kg1 Bh4 37. Bd4 f6 38. Re7+ Kh6 39. Be3+ 1-0


[Site "https://www.chess.com"]

[Event "Titled Tuesday Blitz March 22 Late 2022"]
[White "Pinheiro, Iung Alicio de O."]
[Black "Marcziter, Dmitrii"]
[WhiteFideId "2104350"]
[BlackFideId "13900765"]
[WhiteElo "2532"]
[BlackElo "2155"]
[Result "1-0"]
[Round "06"]
[TimeControl "180+1"]
[Date "2022.03.22"]
[WhiteClock "0:00:20"]
[BlackClock "0:00:17"]

1. c4 e5 2. g3 g6 3. Bg2 Bg7 4. Nc3 Nc6 5. d3 d6 6. e4 f5 7. Nge2 Nf6 8. O-O O-O 9. Nd5 Nh5 10. exf5 gxf5 11. f4 Nf6 12. Nxf6+ Qxf6 13. Be3 Be6 14. Rc1 Qg6 15. d4 exd4 16. Nxd4 Bd7 17. Qd2 Rae8 18. Bf2 a6 19. Rfe1 h5 20. Nf3 Qf6 21. b3 Ne7 22. Bd4 Qh6 23. c5 Bc6 24. Bxg7 Kxg7 25. cxd6 cxd6 26. Ng5 Rf6 27. Bxc6 bxc6 28. Re2 Kf8 29. Rce1 h4 30. Qd4 Qg6 31. Nh7+ Qxh7 32. Qxf6+ Qf7 33. Qxd6 hxg3 34. hxg3 c5 35. Re6 Kg7 36. Rxe7 Rxe7 37. Rxe7 c4 38. Rxf7+ Kxf7 39. bxc4 a5 40. c5 a4 41. c6 a3 42. c7 Kg7 43. c8=Q Kh7 44. Qcc7+ 1-0


[Site "https://www.chess.com"]

[Event "Titled Tuesday Blitz March 22 Late 2022"]
[White "Plotnikov, Pavel"]
[Black "Rozman, Levy"]
[WhiteFideId "4170342"]
[BlackFideId "2039877"]
[WhiteElo "2298"]
[BlackElo "2376"]
[Result "0-1"]
[Round "06"]
[TimeControl "180+1"]
[Date "2022.03.22"]
[WhiteClock "0:00:32"]
[BlackClock "0:01:01"]

1. e4 d5 2. exd5 Nf6 3. d4 Bg4 4. Be2 Bxe2 5. Nxe2 Qxd5 6. O-O Nc6 7. Be3 O-O-O 8. Nd2 Ng4 9. h3 Nxe3 10. fxe3 Qg5 11. Rf3 e5 12. c3 f5 13. Qf1 g6 14. Nc4 e4 15. Rf4 Qe7 16. a4 Bh6 17. Rf2 Qe6 18. Nf4 Qf6 19. b4 Ne7 20. Qe2 g5 21. Nh5 Qe6 22. g4 Rhf8 23. Ne5 Kb8 24. Raf1 f4 25. exf4 gxf4 26. Nxf4 Bxf4 27. Rxf4 Rxf4 28. Rxf4 Nd5 29. Qxe4 Nxf4 30. Qxf4 Qb3 31. Nd7+ Kc8 32. Nc5 Qxc3 33. Ne6 Qe1+ 0-1


[Site "https://www.chess.com"]

[Event "Titled Tuesday Blitz March 22 Late 2022"]
[White "Przybylski, Wojciech"]
[Black "Svicevic, Rastko"]
[WhiteFideId "1117599"]
[BlackFideId "916315"]
[WhiteElo "2133"]
[BlackElo "2132"]
[Result "1-0"]
[Round "06"]
[TimeControl "180+1"]
[Date "2022.03.22"]
[WhiteClock "0:00:58"]
[BlackClock "0:00:02"]

1. e4 c6 2. d4 d5 3. exd5 cxd5 4. Bd3 Nc6 5. c3 e6 6. Nf3 Bd6 7. O-O Nge7 8. Bg5 f6 9. Bd2 O-O 10. Qc2 g6 11. b4 Qc7 12. b5 Na5 13. Bh6 Rf7 14. Nbd2 Nf5 15. Be3 Nc4 16. Nxc4 dxc4 17. Be2 Bd7 18. a4 a6 19. Rab1 axb5 20. axb5 b6 21. h3 Ra5 22. Nd2 Bxb5 23. Rxb5 Rxb5 24. Bxc4 Qd7 25. Bxb5 Qxb5 26. c4 Qc6 27. Qb3 Kg7 28. d5 exd5 29. cxd5 Qb7 30. Bxb6 Rd7 31. Ne4 Be5 32. Rd1 Nd4 33. Qa4 Qxd5 34. Nc3 Ne2+ 35. Kf1 Nxc3 36. Rxd5 Rxd5 37. Qa7+ Kh6 38. Be3+ g5 39. g3 Rd1+ 40. Kg2 Nd5 41. Bc5 Rd2 42. Bf8+ 1-0


[Site "https://www.chess.com"]

[Event "Titled Tuesday Blitz March 22 Late 2022"]
[White "Rastbod, Ali"]
[Black "Schuster, Karsten"]
[WhiteFideId "12567477"]
[BlackFideId "4611071"]
[WhiteElo "2200"]
[BlackElo "2367"]
[Result "1-0"]
[Round "06"]
[TimeControl "180+1"]
[Date "2022.03.22"]
[WhiteClock "0:01:36"]
[BlackClock "0:01:54"]

1. d4 d5 2. c4 c6 3. Nc3 Nf6 4. Nf3 a6 5. c5 Bg4 6. Ne5 Bf5 7. Qb3 Qc8 8. Bf4 Nbd7 9. Na4 h6 10. h3 g5 11. Bh2 Bg7 12. e3 O-O 13. Be2 Ra7 14. O-O Nxe5 15. Bxe5 Nd7 16. Bxg7 Kxg7 17. f4 Be4 18. Nc3 Nf6 19. Bf3 Bxf3 20. Rxf3 Ra8 21. fxg5 hxg5 22. Raf1 Rb8 23. Ne2 Ne4 24. Qc2 f6 25. Ng3 Nxg3 26. Rxg3 Rh8 27. e4 dxe4 28. Qxe4 Qd7 29. Rf5 Rh6 30. Rg4 Rd8 31. h4 Rxh4 32. Rfxg5+ fxg5 33. Rxg5+ Kf8 34. Qf3+ 1-0


[Site "https://www.chess.com"]

[Event "Titled Tuesday Blitz March 22 Late 2022"]
[White "Reprintsev, Alexander"]
[Black "Maltsevskaya, Aleksandra"]
[WhiteFideId "14100541"]
[BlackFideId "24174041"]
[WhiteElo "2108"]
[BlackElo "2241"]
[Result "1-0"]
[Round "06"]
[TimeControl "180+1"]
[Date "2022.03.22"]
[WhiteClock "0:00:25"]
[BlackClock "0:00:04"]

1. e4 c5 2. b3 Nc6 3. Bb2 b6 4. Nf3 Bb7 5. d4 cxd4 6. Nxd4 e6 7. Nb5 Qb8 8. N1c3 a6 9. Nd4 Nf6 10. Nxc6 Bxc6 11. Bd3 h5 12. Qd2 Bb4 13. a3 Bc5 14. O-O-O Ng4 15. Rdf1 Nxh2 16. Re1 Ng4 17. Rhf1 b5 18. f3 Ne5 19. Be2 a5 20. Nd1 b4 21. a4 f6 22. Ne3 Qb6 23. Nc4 Nxc4 24. Bxc4 O-O-O 25. Kb1 h4 26. f4 Kb7 27. f5 e5 28. Qe2 Rh5 29. Qxh5 Bd4 30. Bxd4 exd4 31. Qxh4 Rc8 32. Qf2 Bxa4 33. Rd1 Rxc4 34. bxc4 b3 35. cxb3 Bxb3 36. Qxd4 Qb4 37. Qxd7+ 1-0


[Site "https://www.chess.com"]

[Event "Titled Tuesday Blitz March 22 Late 2022"]
[White "Riehle, Marco"]
[Black "Chigaev, Maksim"]
[WhiteFideId "12904392"]
[BlackFideId "4108116"]
[WhiteElo "2462"]
[BlackElo "2502"]
[Result "0-1"]
[Round "06"]
[TimeControl "180+1"]
[Date "2022.03.22"]
[WhiteClock "0:00:34"]
[BlackClock "0:00:09"]

1. e4 c5 2. a3 g6 3. h4 h5 4. Nc3 Bg7 5. Bc4 Nc6 6. d3 a6 7. Bg5 Nf6 8. Qd2 d6 9. O-O-O b5 10. Ba2 b4 11. axb4 Nxb4 12. Bb3 Qa5 13. Kb1 Rb8 14. Nge2 Ng4 15. Nf4 Ne5 16. Ncd5 f6 17. Nxb4 Rxb4 18. Nd5 fxg5 19. Nxb4 Qxb4 20. hxg5 Qxd2 21. Rxd2 Rf8 22. f3 a5 23. c3 Nc6 24. Rf1 Be5 25. Bc2 Bd7 26. Rdd1 Kd8 27. Rf2 Bf4 28. d4 cxd4 29. cxd4 Be3 30. Rff1 Bxd4 31. e5 Bxe5 32. Bxg6 h4 33. Be4 Bf4 34. g6 Rg8 35. Rd5 Be8 36. Rf5 Be5 37. f4 Bf6 38. Ka1 Bxg6 39. Rxf6 Bxe4 40. Rh6 Rxg2 41. Rxh4 Nb4 42. Rc1 Nc2+ 43. Ka2 Bd5+ 44. Kb1 Nb4 45. f5 Rf2 46. Rh5 Be4+ 47. Ka1 Bxf5 48. Rh8+ Kd7 49. Rh4 Nc2+ 50. Ka2 Nb4+ 51. Kb3 Rf3+ 52. Ka4 Nd3 53. Rg1 Nxb2+ 54. Kxa5 Be6 55. Re1 Ra3+ 56. Kb6 Nc4+ 57. Kb5 Rb3+ 58. Ka4 Rb8 59. Rh7 Nb2+ 60. Ka5 Nd3 61. Rg1 Nc5 62. Rgg7 Re8 63. Kb5 Bf5 64. Rh6 Bd3+ 65. Kb4 Rb8+ 66. Kc3 Bf5 67. Rh5 Be6 68. Rhh7 Re8 69. Kd4 Bg8 70. Rh6 Ne6+ 71. Rxe6 Bxe6 72. Rg1 Rg8 73. Re1 Rg4+ 74. Kc3 Bd5 75. Kd3 e6 76. Kc3 Rg3+ 77. Kd4 Bc6 78. Ra1 e5+ 79. Kc4 Rg4+ 80. Kd3 Ke6 81. Ra8 Bb5+ 82. Ke3 Re4+ 83. Kd2 Rd4+ 84. Ke3 Bc6 85. Rh8 Kd5 86. Kf2 Rf4+ 87. Kg3 Kc5 88. Rh2 Rf7 89. Kg4 Bd7+ 90. Kg5 e4 91. Kg6 Rf3 92. Rc2+ Kd4 93. Rc7 Bh3 94. Kg7 d5 95. Ra7 e3 96. Ra4+ Kd3 97. Ra3+ Ke4 98. Ra4+ d4 99. Ra7 e2 100. Re7+ Kd3 101. Kh8 Re3 102. Rf7 e1=Q 103. Rg7 Re8+ 104. Kh7 Qh4+ 105. Kg6 Re6+ 106. Kf7 Qf6+ 107. Kg8 Re8+ 108. Kh7 Bf5+ 0-1


[Site "https://www.chess.com"]

[Event "Titled Tuesday Blitz March 22 Late 2022"]
[White "Rolfe, Warrick"]
[Black "Sapunov, Evgeny"]
[WhiteFideId "2603802"]
[BlackFideId "4126661"]
[WhiteElo "2561"]
[BlackElo "2470"]
[Result "1-0"]
[Round "06"]
[TimeControl "180+1"]
[Date "2022.03.22"]
[WhiteClock "0:00:07"]
[BlackClock "0:00:10"]

1. e4 c5 2. Nc3 Nc6 3. Bc4 e6 4. f4 Nf6 5. e5 d5 6. Bb3 Nd7 7. d3 b5 8. a3 Rb8 9. Nce2 Be7 10. Nf3 O-O 11. O-O a5 12. c3 Ba6 13. Rf2 Qc7 14. d4 Qb6 15. Be3 b4 16. axb4 axb4 17. Bc2 Rfc8 18. f5 bxc3 19. bxc3 Bxe2 20. Rxe2 cxd4 21. cxd4 Nb4 22. Bb1 Nf8 23. Bg5 Bxg5 24. Nxg5 h6 25. Nf3 exf5 26. Bxf5 Ne6 27. Bxe6 Qxe6 28. Rb1 Nc6 29. Rc1 Nd8 30. Rec2 Qf5 31. Kf2 Rxc2+ 32. Qxc2 Qxc2+ 33. Rxc2 Ne6 34. Rc6 Rb2+ 35. Kg3 Rb3 36. Kf2 g5 37. Rd6 Rb2+ 38. Kf1 Rb1+ 39. Kf2 Rb2+ 40. Kf1 Nf4 41. g3 Ng2 42. Rxh6 Ne3+ 43. Ke1 g4 44. Ng5 Nc2+ 45. Kd1 Nxd4 46. Rh4 Nf5 47. Rh5 Ne3+ 48. Kc1 Rf2 49. e6 fxe6 50. Nxe6 Kf7 51. Nf4 d4 52. Nd5 Nc4 53. Nf4 Kf6 54. Rd5 Ne3 55. Rxd4 Rxh2 56. Nd3 Nf5 57. Rxg4 Rg2 58. Nf4 Ke5 59. Nxg2 1-0


[Site "https://www.chess.com"]

[Event "Titled Tuesday Blitz March 22 Late 2022"]
[White "Romanchuk, Viktor"]
[Black "Horcajuelo Rocamora, Martin"]
[WhiteFideId "14109271"]
[BlackFideId "24573027"]
[WhiteElo "2242"]
[BlackElo "1706"]
[Result "1-0"]
[Round "06"]
[TimeControl "180+1"]
[Date "2022.03.22"]
[WhiteClock "0:00:12"]
[BlackClock "0:00:11"]

1. d4 Nf6 2. c4 e6 3. Nc3 d5 4. Nf3 Be7 5. Bf4 O-O 6. e3 b6 7. cxd5 exd5 8. Bd3 Bb7 9. O-O a6 10. Qe2 Nbd7 11. Rfd1 h6 12. Rac1 c5 13. dxc5 bxc5 14. b3 Qa5 15. Bf5 Rfd8 16. Ne5 Nxe5 17. Bxe5 g6 18. Bh3 Kh7 19. g3 Nd7 20. Bf4 g5 21. Bxd7 Rxd7 22. Qc2+ Kg8 23. Qf5 Bc8 24. Be5 Qb6 25. Qf3 Bb7 26. Nxd5 Bxd5 27. Rxd5 Rad8 28. Rcd1 Qe6 29. Rxd7 Rxd7 30. Qa8+ Kh7 31. Rxd7 Qxd7 32. Qe4+ f5 33. Qc2 Kg6 34. Bb2 Qd5 35. Qc3 Qd1+ 36. Kg2 Qd5+ 37. f3 g4 38. e4 gxf3+ 39. Qxf3 Qxe4 40. Qxe4 fxe4 41. g4 Bd6 42. h3 Kg5 43. Bc1+ Bf4 44. Bb2 Bd2 45. Be5 e3 46. Kf3 Kh4 47. Bf4 Kxh3 48. Bxh6 e2 49. Bxd2 Kh4 50. Be1+ Kh3 51. g5 1-0


[Site "https://www.chess.com"]

[Event "Titled Tuesday Blitz March 22 Late 2022"]
[White "Rostovtsev, Dmitry"]
[Black "Martin Barcelo, Carles"]
[WhiteFideId "34278320"]
[BlackFideId "24561444"]
[WhiteElo "2359"]
[BlackElo "1875"]
[Result "1-0"]
[Round "06"]
[TimeControl "180+1"]
[Date "2022.03.22"]
[WhiteClock "0:02:20"]
[BlackClock "0:01:04"]

1. e4 c6 2. d4 d5 3. e5 c5 4. dxc5 e6 5. a3 Bxc5 6. Qg4 Ne7 7. Bd3 O-O 8. Nf3 Nbc6 9. Bxh7+ Kh8 10. Qh5 g6 11. Bxg6+ 1-0


[Site "https://www.chess.com"]

[Event "Titled Tuesday Blitz March 22 Late 2022"]
[White "Rustemov, Alexander"]
[Black "Matlakov, Maxim"]
[WhiteFideId "4119002"]
[BlackFideId "4168003"]
[WhiteElo "2798"]
[BlackElo "2669"]
[Result "0-1"]
[Round "06"]
[TimeControl "180+1"]
[Date "2022.03.22"]
[WhiteClock "0:00:02"]
[BlackClock "0:00:42"]

1. d4 d5 2. c4 e6 3. Nc3 Nf6 4. cxd5 exd5 5. Bg5 c6 6. e3 Bd6 7. Bd3 O-O 8. Qc2 h6 9. Bh4 Re8 10. Nf3 Bg4 11. O-O Nbd7 12. Bg3 Bxg3 13. hxg3 Qe7 14. Rab1 Ne4 15. Bxe4 dxe4 16. Nd2 Nf6 17. b4 Rac8 18. Rfc1 h5 19. b5 cxb5 20. Rxb5 b6 21. Re5 Qa3 22. Rxe8+ Rxe8 23. Nb5 Qe7 24. Qc7 Qe6 25. Qxa7 Rc8 26. Rxc8+ Qxc8 27. Qc7 Qa6 28. Nd6 Qxa2 29. Qc1 Qd5 30. Qc7 Be6 31. Qxb6 Qa2 32. Nf1 Bd5 33. Qd8+ Kh7 34. Qe7 Ng4 35. Nxe4 Qc2 36. Ng5+ Kg6 37. Nh3 Kh7 38. Qg5 Nf6 39. Nf4 Bc4 40. e4 Qd1 41. Nxh5 Nxh5 42. Kh2 Bxf1 43. g4 Nf6 44. Qh4+ Kg8 45. f3 Qxd4 0-1


[Site "https://www.chess.com"]

[Event "Titled Tuesday Blitz March 22 Late 2022"]
[White "Sarkar, Justin"]
[Black "Stanisz, Patryk"]
[WhiteFideId "2010011"]
[BlackFideId "1123106"]
[WhiteElo "2038"]
[BlackElo "1876"]
[Result "1-0"]
[Round "06"]
[TimeControl "180+1"]
[Date "2022.03.22"]
[WhiteClock "0:00:07"]
[BlackClock "0:00:56"]

1. d4 d5 2. c4 c6 3. Nf3 Nf6 4. e3 e6 5. Bd2 Nbd7 6. Nc3 Bd6 7. Bd3 Qe7 8. O-O dxc4 9. Bxc4 e5 10. Qc2 e4 11. Ng5 Bxh2+ 12. Kxh2 Ng4+ 13. Kg1 Qxg5 14. Qxe4+ Kf8 15. f3 Ndf6 16. Qf4 Qxf4 17. exf4 Nh6 18. g4 Nd7 19. f5 Nb6 20. Bb3 Ng8 21. d5 cxd5 22. Nxd5 Nxd5 23. Bxd5 Ne7 24. Bb4 a5 25. Ba3 Bd7 26. Rfe1 Re8 27. Rxe7 Rxe7 28. Re1 Be6 29. fxe6 f6 30. Rc1 g5 31. Rc7 Kg7 32. Rxe7+ Kh6 33. Be4 f5 34. Bxf5 b5 35. Bd6 b4 36. Rf7 a4 37. Bf8+ Rxf8 38. Rxh7# 1-0


[Site "https://www.chess.com"]

[Event "Titled Tuesday Blitz March 22 Late 2022"]
[White "Saveliev, Alexei"]
[Black "Vovk, Orest"]
[WhiteFideId "24128546"]
[BlackFideId "14113490"]
[WhiteElo "2281"]
[BlackElo "2203"]
[Result "1-0"]
[Round "06"]
[TimeControl "180+1"]
[Date "2022.03.22"]
[WhiteClock "0:00:40"]
[BlackClock "0:00:53"]

1. c4 c6 2. Nc3 d5 3. cxd5 cxd5 4. d4 Nf6 5. Nf3 g6 6. Bf4 Bg7 7. e3 O-O 8. Bd3 Bf5 9. Bxf5 gxf5 10. O-O e6 11. Rc1 Ne4 12. Qb3 Qb6 13. Qxb6 axb6 14. a3 Nxc3 15. Rxc3 Nc6 16. Rfc1 b5 17. h4 b4 18. axb4 Nxb4 19. Rb3 Nc6 20. Rxb7 Na5 21. Rb5 Nc4 22. b3 Na3 23. Rb7 Rfc8 24. Rxc8+ Rxc8 25. Ne5 Bxe5 26. Bxe5 h5 27. Kh2 Nb1 28. Kg3 Nd2 29. Kf4 Rf8 30. Bd6 Rd8 31. Be7 Ra8 32. f3 Kg7 33. Kg5 Nf1 34. Bf6+ Kg8 35. Kf4 Ra2 36. g4 fxg4 37. Rb8+ Kh7 38. Kg5 1-0


[Site "https://www.chess.com"]

[Event "Titled Tuesday Blitz March 22 Late 2022"]
[White "Seul, Georg"]
[Black "Rosenberg, Evan S"]
[WhiteFideId "4601653"]
[BlackFideId "2019299"]
[WhiteElo "2271"]
[BlackElo "2339"]
[Result "0-1"]
[Round "06"]
[TimeControl "180+1"]
[Date "2022.03.22"]
[WhiteClock "0:01:07"]
[BlackClock "0:01:11"]

1. e4 e5 2. Nc3 Nf6 3. f4 d5 4. fxe5 Nxe4 5. Qf3 Nc6 6. Bb5 Nxc3 7. dxc3 Qh4+ 8. g3 Qe4+ 9. Qxe4 dxe4 10. Bxc6+ bxc6 11. Be3 Rb8 12. O-O-O Rb5 13. Ne2 Bg4 14. Rd2 Bxe2 15. Rxe2 Rxe5 16. Bxa7 f5 17. Be3 Bc5 18. Bxc5 Rxc5 19. Kd2 Ke7 20. Ke3 Ke6 21. a4 Ke5 22. h4 Rb8 23. b4 Rxc3+ 24. Kd2 Rxg3 25. Rb1 Rd8+ 26. Kc1 Rd4 27. a5 Rg1+ 28. Kb2 Rxb4+ 0-1


[Site "https://www.chess.com"]

[Event "Titled Tuesday Blitz March 22 Late 2022"]
[White "Shandrygin, Nikita"]
[Black "Sochacki, Christophe"]
[WhiteFideId "24198668"]
[BlackFideId "662569"]
[WhiteElo "2324"]
[BlackElo "2480"]
[Result "0-1"]
[Round "06"]
[TimeControl "180+1"]
[Date "2022.03.22"]
[WhiteClock "0:00:08"]
[BlackClock "0:00:08"]

1. Nf3 Nc6 2. d4 d6 3. g3 e5 4. dxe5 Nxe5 5. Nxe5 dxe5 6. Qxd8+ Kxd8 7. f3 c6 8. e4 Kc7 9. Be3 Be6 10. Nd2 Nf6 11. Bc4 Re8 12. O-O-O Nd7 13. Bxe6 Rxe6 14. Nc4 Be7 15. Rd3 b6 16. Rhd1 Rd8 17. a4 Nb8 18. f4 Rxd3 19. cxd3 exf4 20. gxf4 Rh6 21. Rd2 Na6 22. Rg2 g6 23. a5 Bc5 24. axb6+ axb6 25. d4 Be7 26. f5 Rh3 27. Bf4+ Kd8 28. Ne5 Nb4 29. Kb1 f6 30. fxg6 hxg6 31. Nxg6 Rf3 32. Bc1 Rf1 33. Rd2 Bd6 34. e5 Bc7 35. b3 Ke8 36. Nh4 fxe5 37. dxe5 Bd8 38. Ng2 Bg5 39. Kb2 Bxd2 40. Bxd2 Rf2 41. Nf4 Rxd2+ 42. Kc3 Rf2 43. Ne6 Nd5+ 44. Kd4 Rxh2 45. Ng7+ Ke7 46. Nf5+ Ke6 47. Ng7+ Kf7 48. Nf5 Rf2 49. Nd6+ Ke6 50. Ne4 Rf4 51. Kd3 Kxe5 52. Nd2 Rd4+ 53. Kc2 Ne3+ 54. Kc3 Rxd2 55. Kxd2 Kd4 0-1


[Site "https://www.chess.com"]

[Event "Titled Tuesday Blitz March 22 Late 2022"]
[White "Sharafiev, Azat"]
[Black "Bok, Benjamin"]
[WhiteFideId "4186214"]
[BlackFideId "1017063"]
[WhiteElo "2299"]
[BlackElo "2658"]
[Result "1/2-1/2"]
[Round "06"]
[TimeControl "180+1"]
[Date "2022.03.22"]
[WhiteClock "0:00:13"]
[BlackClock "0:00:06"]

1. d4 Nf6 2. Nf3 d5 3. c3 c6 4. Bf4 Bf5 5. Qb3 Qb6 6. Qxb6 axb6 7. Nbd2 b5 8. e3 h6 9. Be2 e6 10. O-O Nbd7 11. Ne5 Be7 12. Nxd7 Nxd7 13. f3 O-O 14. e4 Bg6 15. Rf2 Rfc8 16. a3 Nb6 17. Bd3 b4 18. Rb1 bxc3 19. bxc3 Bd8 20. Bd6 Na4 21. Rxb7 Nxc3 22. Nb3 dxe4 23. fxe4 Bg5 24. Bf4 Rxa3 25. Bxg5 hxg5 26. Nc5 Rd8 27. h4 gxh4 28. e5 Bxd3 29. Nxd3 Ne2+ 30. Rxe2 Rxd3 31. Rf2 R8xd4 32. Rbxf7 Rg4 33. Re7 h3 34. Rxe6 Rdg3 35. Rxc6 Rxg2+ 36. Rxg2 Rxg2+ 37. Kh1 g5 38. e6 Re2 39. Rc5 g4 40. Rg5+ Kf8 41. Rxg4 Rxe6 42. Rg3 Rh6 43. Kh2 Ra6 44. Rxh3 Kf7 45. Rg3 Kf6 46. Rf3+ Kg5 47. Kg3 Ra5 48. Re3 Ra4 49. Rf3 Kg6 50. Rf4 Ra1 51. Rf3 Ra4 52. Rf4 Rxf4 53. Kxf4 1/2-1/2


[Site "https://www.chess.com"]